 Dungeon Crawl Stone Soup version 0.24-a0-513-g284f782df5 (webtiles) character file.

Game seed: 12998977930931419234

14 Azzok the Ruffian (level 2, 0/25 HPs)
             Began as a Naga Transmuter on July 20, 2019.
             Slain by a jackal (1 damage)
             ... on level 1 of the Dungeon.
             The game lasted 00:00:45 (578 turns).

Azzok the Ruffian (Naga Transmuter)                  Turns: 578, Time: 00:00:46

Health: 0/25       AC:  1    Str: 12    XL:     2   Next: 41%
Magic:  4/5        EV: 10    Int: 13    God:
Gold:   12         SH:  0    Dex: 11    Spells: 4/5 levels left

rFire    . . .     SeeInvis +   c - +0 short sword
rCold    . . .     Gourm    .   (no shield)
rNeg     . . .     Faith    .   b - +0 robe
rPois    +         Spirit   .   (no helmet)
rElec    .         Reflect  .   (no cloak)
rCorr    .         Harm     .   (no gloves)
MR       .....                  (no barding)
Stlth    +.........             (no amulet)
HPRegen  0.08/turn              (no ring)
MPRegen  0.09/turn              (no ring)

@: appendage, very slow
A: large, horns 2, see invisible, deformed body, poison resistance, slowness 2,
slow metabolism 1, spit poison 1, AC +0
a: Spit Poison, End Transformation


You were on level 1 of the Dungeon.
You were not hungry.
You had grown temporary horns.
You visited 1 branch of the dungeon, and saw 1 of its levels.

You collected 12 gold pieces.

Inventory:

Hand Weapons
 c - a +0 short sword (weapon)
Missiles
 a - 12 arrows
Armour
 b - a +0 robe (worn)
Comestibles
 d - 3 rations


   Skills:
 - Level 1.0 Fighting
 - Level 1.5 Dodging
 + Level 3.2 Unarmed Combat
 + Level 2.2 Spellcasting
 + Level 2.3 Transmutations


You had 4 spell levels left.
You knew the following spells:

 Your Spells              Type           Power        Failure   Level  Hunger
a - Beastly Appendage     Tmut           #.....       10%         1    ##.....

Your spell library contained the following spells:

 Spells                   Type           Power        Failure   Level  Hunger
 Sticks to Snakes         Tmut           #.......     14%         2    ###....
 Spider Form              Tmut/Pois      #.........   41%         3    ####...
 Ice Form                 Ice/Tmut       #.......     83%         4    #####..
 Blade Hands              Tmut           #.........   95%         5    ######.


Dungeon Overview and Level Annotations

Branches:
Dungeon (1/15)

Altars:


Innate Abilities, Weirdness & Mutations

You cannot wear boots.
Your serpentine skin is tough. (AC +0)
You have supernaturally acute eyesight. (SInv)
Armour fits poorly on your strangely shaped body.
Your system is resistant to poisons. (rPois)
You cover ground very slowly.
You have a slow metabolism.
You can spit poison.
You have a pair of horns on your head.


Message History

The jackal bites you but does no damage.
The jackal bites you.
* * * LOW HITPOINT WARNING * * *
Casting: Beastly Appendage (safe; 10% risk of failure)
Confirm with . or Enter, or press ? or * to list all spells.
You grow a pair of large bovine horns.
The jackal closely misses you.
Unknown command.
You barely miss the jackal.
The jackal is lightly wounded.
The jackal barely misses you. The jackal bites you.
* * * LOW HITPOINT WARNING * * *
You miss the jackal.
The jackal is lightly wounded.
The jackal misses you.
You hit the jackal.
The jackal is moderately wounded.
The jackal bites you.
* * * LOW HITPOINT WARNING * * *
The jackal bites you.
You die...

▒▒)▒▒╬▒▒·····▒ ▒······▒
▒············▒ ▒···÷··▒
▒············▒ ▒······▒
▒············▒▒▒▒·····▒
▒··············)'·····▒ ▒▒▒
▒············▒▒▒▒·····▒▒▒▒·▒
▒··························▒
··
▒▒▒▒▒'▒▒▒▒▒▒▒▒▒▒▒▒▒▒▒▒▒▒▒▒·▒
··· ▒····)······†h@···▒ ▒·▒
··▒ ▒·▒▒·▒▒▒▒▒▒▒▒▒▒▒▒▒▒ ▒·▒
▒·▒ ▒ ▒·▒ ▒·▒ ▒·▒ ▒··
▒▒▒▒▒▒·▒▒▒·▒ ▒···
··········▒·▒ ▒▒···
▒▒▒▒▒▒▒·▒···▒ ····
·······▒·▒ ···h· ▒▒▒▒·▒▒▒·▒
▒▒·h·▒ ▒······


You could see a jackal.

Vanquished Creatures
  A dart slug (D:1)
  A ball python (D:1)
  2 bats (D:1)
  A goblin (D:1)
  A hobgoblin (D:1)
  A jackal (D:1)
  2 kobolds (D:1)
  2 rats (D:1)
11 creatures vanquished.

Notes
Turn   | Place    | Note
-------+----------+-------------------------------------------
     0 | D:1      | Azzok the Naga Transmuter began the quest for the Orb.
     0 | D:1      | Reached XP level 1. HP: 18/18 MP: 3/3
     2 | D:1      | Noticed a tengu
     4 | D:1      | Noticed a dwarf
     4 | D:1      | Noticed a felid
     6 | D:1      | Noticed a centaur
     6 | D:1      | Noticed a draconian
     8 | D:1      | Noticed a ghoul
     8 | D:1      | Noticed a naga
    10 | D:1      | Noticed a demigod
    10 | D:1      | Noticed a vampire
    12 | D:1      | Noticed an ogre
    12 | D:1      | Noticed a vine stalker
    14 | D:1      | Noticed a troll
    14 | D:1      | Noticed a spriggan
    16 | D:1      | Noticed an elf
    16 | D:1      | Noticed a gargoyle
    18 | D:1      | Noticed a formicid
    20 | D:1      | Noticed a halfling
    22 | D:1      | Noticed a demonspawn
    25 | D:1      | Noticed a merfolk
    25 | D:1      | Noticed a human
    27 | D:1      | Noticed a minotaur
    27 | D:1      | Noticed an octopode
   310 | D:1      | Reached XP level 2. HP: 25/25 MP: 5/5
   578 | D:1      | HP: 1/25 [jackal (1)]
   578 | D:1      | Slain by a jackal

Levels and vault maps discovered:
D:1:      kb_arrival_jail, layout_basic

Action                   || total
-------------------------++-------
Melee: Short sword       ||    56
       Unarmed           ||     1
       Punch             ||     1
 Cast: Beastly Appendage ||     1
Armor: Robe              ||    12
Dodge: Dodged            ||    37

Table legend:
 A = Non-vault XP
 B = Vault XP
 C = Vault XP percentage of total XP
 D = Non-vault monster count
 E = Vault monster count
 F = Vault count percentage of total count
                 A         B        C        D         E       F
            +---------+---------+-------+---------+---------+-------
      Total |      20 |       0 |   0.0 |      11 |       0 |   0.0
            +---------+---------+-------+---------+---------+-------
        D:1 |      20 |       0 |   0.0 |      11 |       0 |   0.0
            +---------+---------+-------+---------+---------+-------
